Harfangs vs Saguenéens (R1)

Created - 5 avril 2015 at 22:16

Goals
1 2 3 OT1 SO T
Harfangs 1 2 0 0 1 3
Saguenéens 1 0 2 0 2 4
Shots
1 2 3 OT1 SO T
Harfangs 6 17 10 2 3 35
Saguenéens 21 3 8 0 3 32

1st period

1. Harfangs , Roman Wick 10 (Chris Kreider, Sasha Pokulok) at 7:03
2. Saguenéens , Evgeny Dadonov 36 (Martin Hanzal, Wayne Simmonds) at 17:56

Penalties :
Brett Carson (BEA) for Tripping (Minor) at 4:22, Wayne Simmonds (Chi) for Cross-checking (Minor) at 15:04

2nd period

3. Harfangs , Alex Killorn 31 (Roman Wick, Alexandre Picard) at 7:12
4. Harfangs , Peter Olvecky 41 (Stefan Ruzicka) at 13:56

Penalties :
Kyle Brodziak (Chi) for High sticking (Minor) at 4:35, Kevin Marshall (Chi) for High sticking (Minor) at 13:59

3rd period

5. Saguenéens , Wayne Simmonds 11 (Martin Hanzal) at 1:35 (PP)
6. Saguenéens , Martin Hanzal 47 (Wayne Simmonds) at 17:33

Penalties :
Alexandre Picard (BEA) for Slashing (Minor) at 1:32, Petri Kontiola (BEA) for Elbowing (Minor) at 5:45, Rhett Rakhshani (Chi) for Slashing (Minor) at 11:22, David Rundblad (Chi) for Hooking (Minor) at 15:51, Petri Kontiola (BEA) for Hooking (Minor) at 17:24

Overtime #1

No Goal

Penalties :
No Penalty

Shootout

Penalty Shot by Stefan Ruzicka for Harfangs - Goal!
Penalty Shot by Wayne Simmonds for Saguenéens - Stopped by Robin Lehner
Penalty Shot by Petri Kontiola for Harfangs - Shot Misses the Net
Penalty Shot by Evgeny Dadonov for Saguenéens - Goal!
Penalty Shot by Peter Olvecky for Harfangs - Stopped by Al Montoya
Penalty Shot by Martin Hanzal for Saguenéens - Goal!

Penalties :
No Penalty

Goalie Stats

Robin Lehner (BEA), 29 saves from 32 shots - (0,906), OTL, 24-16-6, 65:00 minutes
Al Montoya (Chi), 32 saves from 35 shots - (0,914), W, 35-18-7, 65:00 minutes

Players Stats for Harfangs

Player Name              G  A  P  +/- PIM S  H  SB GA TA FO     MP     PP MP  PK MP  
------------------------------------------------------------------------------------
Alex Killorn             1  0  1   2  0   4  0  0  2  1  7/21   18:16   4:47   0:40 
Alex Plante              0  0  0   0  0   0  0  0  0  0  0/0     0:00   0:00   0:00 
Alexandre Picard         0  1  1   0  2   2  2  1  0  1  0/0    27:48   4:35   3:10 
Andrew Orpik             0  0  0   0  0   1  1  0  1  0  0/0    22:11   4:54   2:21 
Angelo Esposito          0  0  0   0  0   0  0  0  0  0  0/0     0:00   0:00   0:00 
Brandon Pirri            0  0  0   0  0   0  0  0  0  0  0/0     1:37   0:00   1:35 
Brett Carson             0  0  0   0  2   2  1  2  0  2  0/0    26:51   4:35   2:13 
Brian Lashoff            0  0  0   0  0   0  0  0  0  0  0/0     5:13   0:00   0:24 
Chris Kreider            0  1  1   2  0   1  5  1  0  0  0/0    18:48   4:47   1:55 
Corey Cowick             0  0  0   0  0   0  0  0  0  0  0/0     0:58   0:00   0:44 
Craig Smith              0  0  0  -1  0   4  3  3  0  0  3/5    12:58   0:20   0:25 
Drew Shore               0  0  0   0  0   1  0  0  0  0  1/1     6:17   0:00   0:00 
Dustin Jeffrey           0  0  0   0  0   1  0  2  0  0  0/0    11:39   0:17   0:00 
Dylan Olsen              0  0  0   0  0   0  0  0  0  0  0/0     4:41   0:00   0:00 
Michal Repik             0  0  0   0  0   1  1  0  1  1  1/1    11:52   0:00   1:43 
Mike Hoffman             0  0  0   0  0   0  0  0  0  0  1/1     6:34   0:07   0:00 
Nick Holden              0  0  0   1  0   0  1  0  0  0  0/0    10:54   0:00   0:52 
Peter Olvecky            1  0  1   0  0   3  0  1  0  1  1/1    23:13   4:32   0:40 
Petri Kontiola           0  0  0   0  4   4  2  0  0  1  10/30  23:55   4:24   1:01 
Roman Wick               1  1  2   2  0   2  2  0  1  0  0/0    16:16   4:47   0:00 
Sasha Pokulok            0  1  1   0  0   3  1  1  0  2  0/0    22:00   4:54   2:08 
Stefan Ruzicka           0  1  1  -1  0   6  3  1  2  1  7/8    25:10   4:25   2:25 
Tomas Tatar              0  0  0   0  0   0  0  1  0  0  0/1     6:17   0:00   0:00 
Victor Bartley           0  0  0   1  0   0  0  0  0  0  0/0    10:28   0:00   0:00 

Players Stats for Saguenéens

Player Name              G  A  P  +/- PIM S  H  SB GA TA FO     MP     PP MP  PK MP  
------------------------------------------------------------------------------------
Brandon Burlon           0  0  0  -1  0   0  0  1  0  0  0/0    15:12   0:00   1:02 
Brian Flynn              0  0  0  -1  0   0  1  0  1  1  2/6    10:48   0:00   0:59 
David Laliberté          0  0  0  -1  0   1  1  0  0  1  0/0    14:05   0:00   4:30 
David Moss               0  0  0   0  0   1  1  2  0  2  3/3    18:31   2:26   4:13 
David Rundblad           0  0  0  -1  2   0  1  2  0  0  0/0    14:15   0:06   0:00 
Eric Tangradi            0  0  0   0  0   2  1  0  0  0  0/0     6:54   0:00   0:00 
Evgeny Dadonov           1  0  1  -1  0   7  2  0  1  0  2/2    19:58   3:02   0:00 
Evgeny Grachev           0  0  0   0  0   1  1  0  1  0  3/6     8:41   0:00   0:15 
Kevin Marshall           0  0  0   1  2   0  4  1  1  0  0/0    26:01   3:08   3:38 
Kris Russell             0  0  0   1  0   2  2  2  1  1  0/0    27:58   3:08   4:40 
Kyle Brodziak            0  0  0   0  2   2  1  1  1  0  10/16  19:13   2:24   3:38 
Marcus Johansson         0  0  0   0  0   0  1  0  0  0  1/1    16:03   2:26   0:46 
Martin Hanzal            1  2  3   0  0   10 1  2  2  0  16/33  26:06   3:08   4:37 
Mike Sauer               0  0  0  -1  0   3  1  0  1  1  0/0    23:47   2:26   4:49 
Philip Larsen            0  0  0  -1  0   0  2  3  0  1  0/0    22:52   2:26   4:49 
Rhett Rakhshani          0  0  0   0  2   0  0  0  0  0  0/0     7:06   0:00   0:00 
Tim Kennedy              0  0  0  -1  0   1  0  0  0  0  0/0    11:03   0:02   0:00 
Wayne Simmonds           1  2  3   0  2   2  2  0  1  0  1/2    21:27   3:08   0:00 

3 Stars

1 - Roman Wick (BEA)
2 - Martin Hanzal (Chi)
3 - Wayne Simmonds (Chi)

Power Play

Harfangs - 0 on 5 Attempt(s) - 0,00%
Saguenéens - 1 on 4 Attempt(s) - 25,00%

Penalty Kill

Harfangs - 3 on 4 Attempt(s) - 75,00% - Score 0 goal in Penalty Kill
Saguenéens - 5 on 5 Attempt(s) - 100,00% - Score 0 goal in Penalty Kill

Team Stat

Harfangs - Hits : 22 - Faceoff Wins : 31 - Blocked Shots : 13 - Penalty Minutes : 8
Saguenéens - Hits : 22 - Faceoff Wins : 38 - Blocked Shots : 14 - Penalty Minutes : 10

Official

Referees : Peel Tim and McCauley Wes
Linesman : Pierre Champoux and Pierre Racicot

Game Notes

No Game Note

Finance

Level 1 -- Attendance: 1467 (73,35%) -- Ticket Income 58 680 $
Level 2 -- Attendance: 676 (67,60%) -- Ticket Income 13 520 $
Total Attendance: 2143 (71,43%)
Total Ticket Income: 72 200 $
Other Income: 3 610 $
Total Income: 75 810 $

Harfangs

5 vs 5 Forward 
   Center                   Left Wing                Right Wing               Time % Phy DF OF 
 1 Petri Kontiola           Peter Olvecky            Stefan Ruzicka           40     1   2  2  
 2 Alex Killorn             Chris Kreider            Roman Wick               30     1   2  2  
 3 Craig Smith              Dustin Jeffrey           Michal Repik             20     1   2  2  
 4 Drew Shore               Tomas Tatar              Mike Hoffman             10     1   2  2  

5 vs 5 Defense 
   Defense                  Defense                                           Time % Phy DF OF 
 1 Alexandre Picard         Brett Carson                                      40     1   2  2  
 2 Sasha Pokulok            Andrew Orpik                                      30     1   2  2  
 3 Victor Bartley           Nick Holden                                       20     1   2  2  
 4 Brian Lashoff            Dylan Olsen                                       10     1   2  2  

PowerPlay Forward 
   Center                   Left Wing                Right Wing               Time % Phy DF OF 
 1 Petri Kontiola           Peter Olvecky            Stefan Ruzicka           60     1   2  2  
 2 Alex Killorn             Chris Kreider            Roman Wick               40     1   2  2  

PowerPlay Defense
   Defense                  Defense                                           Time % Phy DF OF 
 1 Alexandre Picard         Brett Carson                                      60     1   2  2  
 2 Sasha Pokulok            Andrew Orpik                                      40     1   2  2  

Penalty Kill 4 Players Forward 
   Center                   Wing                     Time % Phy DF OF 
 1 Stefan Ruzicka           Petri Kontiola           60     1   2  2  
 2 Peter Olvecky            Alex Killorn             40     1   2  2  

Penalty Kill 4 Players Defense
   Defense                  Defense                  Time % Phy DF OF 
 1 Alexandre Picard         Brett Carson             60     1   2  2  
 2 Sasha Pokulok            Andrew Orpik             40     1   2  2  

Penalty Kill - 3 Players Forward 
   Forward                                           Time % Phy DF OF 
 1 Stefan Ruzicka                                    60     1   2  2  
 2 Petri Kontiola                                    40     1   2  2  

Penalty Kill - 3 Players Defense
   Defense                  Defense                  Time % Phy DF OF 
 1 Alexandre Picard         Brett Carson             60     1   2  2  
 2 Sasha Pokulok            Andrew Orpik             40     1   2  2  

4 vs 4 Forward 
   Center                   Wing                     Time % Phy DF OF 
 1 Stefan Ruzicka           Petri Kontiola           60     1   2  2  
 2 Peter Olvecky            Alex Killorn             40     1   2  2  

4 vs 4 Defense
   Defense                  Defense                  Time % Phy DF OF 
 1 Alexandre Picard         Brett Carson             60     1   2  2  
 2 Sasha Pokulok            Andrew Orpik             40     1   2  2  

Last Minutes Offensive
   Center                   Left Wing                Right Wing               Defense                  Defense                  
   Petri Kontiola           Peter Olvecky            Stefan Ruzicka           Alexandre Picard         Brett Carson             

Last Minutes Defensive
   Center                   Left Wing                Right Wing               Defense                  Defense                  
   Petri Kontiola           Peter Olvecky            Stefan Ruzicka           Alexandre Picard         Brett Carson             

Goaltenders
Starting : Robin Lehner             
Backup : Peter Budaj              

Extra Forwards
Normal : Craig Smith, Dustin Jeffrey, Michal Repik - PP : Craig Smith, Dustin Jeffrey - PK : Michal Repik
Extra Defensemen
Normal : Victor Bartley, Nick Holden, Brian Lashoff - PP : Victor Bartley - PK : Nick Holden, Brian Lashoff
Penalty Shots
Stefan Ruzicka, Petri Kontiola, Peter Olvecky, Alex Killorn, Chris Kreider

Saguenéens

5 vs 5 Forward 
   Center                   Left Wing                Right Wing               Time % Phy DF OF 
 1 Martin Hanzal            Evgeny Dadonov           Wayne Simmonds           40     1   2  2  
 2 Kyle Brodziak            Marcus Johansson         David Moss               30     1   2  2  
 3 Brian Flynn              Tim Kennedy              David Laliberté          20     1   2  2  
 4 Evgeny Grachev           Eric Tangradi            Rhett Rakhshani          10     1   2  2  

5 vs 5 Defense 
   Defense                  Defense                                           Time % Phy DF OF 
 1 Kris Russell             Kevin Marshall                                    40     1   2  2  
 2 Mike Sauer               Philip Larsen                                     32     1   2  2  
 3 Brandon Burlon           David Rundblad                                    20     1   2  2  
 4 Kris Russell             Mike Sauer                                        8      1   2  2  

PowerPlay Forward 
   Center                   Left Wing                Right Wing               Time % Phy DF OF 
 1 Martin Hanzal            Evgeny Dadonov           Wayne Simmonds           60     1   2  2  
 2 Kyle Brodziak            Marcus Johansson         David Moss               40     1   2  2  

PowerPlay Defense
   Defense                  Defense                                           Time % Phy DF OF 
 1 Kris Russell             Kevin Marshall                                    60     1   2  2  
 2 Mike Sauer               Philip Larsen                                     40     1   2  2  

Penalty Kill 4 Players Forward 
   Center                   Wing                     Time % Phy DF OF 
 1 Martin Hanzal            David Moss               50     1   2  2  
 2 Kyle Brodziak            David Laliberté          50     1   2  2  

Penalty Kill 4 Players Defense
   Defense                  Defense                  Time % Phy DF OF 
 1 Kris Russell             Kevin Marshall           50     1   2  2  
 2 Philip Larsen            Mike Sauer               50     1   2  2  

Penalty Kill - 3 Players Forward 
   Forward                                           Time % Phy DF OF 
 1 David Moss                                        50     1   3  1  
 2 Kyle Brodziak                                     50     1   3  1  

Penalty Kill - 3 Players Defense
   Defense                  Defense                  Time % Phy DF OF 
 1 Kris Russell             Kevin Marshall           50     1   3  1  
 2 Philip Larsen            Mike Sauer               50     1   3  1  

4 vs 4 Forward 
   Center                   Wing                     Time % Phy DF OF 
 1 Martin Hanzal            Wayne Simmonds           60     1   2  2  
 2 Kyle Brodziak            Evgeny Dadonov           40     1   2  2  

4 vs 4 Defense
   Defense                  Defense                  Time % Phy DF OF 
 1 Kris Russell             Kevin Marshall           60     1   2  2  
 2 Philip Larsen            Mike Sauer               40     1   2  2  

Last Minutes Offensive
   Center                   Left Wing                Right Wing               Defense                  Defense                  
   Martin Hanzal            Evgeny Dadonov           Wayne Simmonds           Kris Russell             Philip Larsen            

Last Minutes Defensive
   Center                   Left Wing                Right Wing               Defense                  Defense                  
   Martin Hanzal            Evgeny Dadonov           Wayne Simmonds           Kris Russell             Kevin Marshall           

Goaltenders
Starting : Al Montoya               
Backup : Harru Sateri             

Extra Forwards
Normal : Evgeny Grachev, Tim Kennedy, Martin Hanzal - PP : Tim Kennedy, Evgeny Grachev - PK : David Laliberté
Extra Defensemen
Normal : Mike Sauer, Brandon Burlon, Kris Russell - PP : David Rundblad - PK : Brandon Burlon, David Rundblad
Penalty Shots
Wayne Simmonds, Evgeny Dadonov, Martin Hanzal, Kyle Brodziak, David Moss

% Time on Ice - Harfangs

Lines # - Real PCT - Wanted PCT - Time Play
Normal Forward
1 - 39% - 40% - 17:13
2 - 26% - 30% - 11:29
3 - 21% - 20% - 9:32
4 - 14% - 10% - 6:17
Normal Defense
1 - 39% - 40% - 17:25
2 - 29% - 30% - 13:07
3 - 21% - 20% - 9:22
4 - 10% - 10% - 4:37
PP Forward
1 - 50% - 60% - 4:42
2 - 50% - 40% - 4:47
PP Defense
1 - 48% - 60% - 4:35
2 - 52% - 40% - 4:54
PK Forward
1 - 88% - 60% - 4:54
2 - 12% - 40% - 0:40
PK Defense
1 - 62% - 60% - 3:26
2 - 38% - 40% - 2:08
PK3 Forward
1 - 0% - 60%
2 - 0% - 40%
PK3 Defense
1 - 0% - 60%
2 - 0% - 40%
44 Forward
1 - 75% - 60% - 4:06
2 - 25% - 40% - 1:20
44 Defense
1 - 59% - 60% - 3:12
2 - 41% - 40% - 2:14
Last Minute Offensive  - 0:00
Last Minute Defensive  - 0:00
Total
Forward - 65:00
Defense - 65:00

% Time on Ice - Saguenéens

Lines # - Real PCT - Wanted PCT - Time Play
Normal Forward
1 - 37% - 40% - 16:32
2 - 26% - 30% - 11:40
3 - 21% - 20% - 9:25
4 - 15% - 10% - 6:54
Normal Defense
1 - 38% - 40% - 16:42
2 - 30% - 32% - 13:31
3 - 30% - 20% - 13:23
4 - 2% - 8% - 0:55
PP Forward
1 - 56% - 60% - 3:08
2 - 44% - 40% - 2:26
PP Defense
1 - 56% - 60% - 3:08
2 - 44% - 40% - 2:26
PK Forward
1 - 47% - 50% - 4:28
2 - 53% - 50% - 5:01
PK Defense
1 - 49% - 50% - 4:40
2 - 51% - 50% - 4:49
PK3 Forward
1 - 0% - 50%
2 - 0% - 50%
PK3 Defense
1 - 0% - 50%
2 - 0% - 50%
44 Forward
1 - 88% - 60% - 4:46
2 - 12% - 40% - 0:40
44 Defense
1 - 61% - 60% - 3:20
2 - 39% - 40% - 2:06
Last Minute Offensive  - 0:00
Last Minute Defensive  - 0:00
Total
Forward - 65:00
Defense - 65:00

Play by Play

1st period


0:01 of 1st period - Martin Hanzal wins face-off versus Petri Kontiola in neutral zone.
0:26 of 1st period - Kris Russell is hit by Michal Repik and loses puck.
0:43 of 1st period - Wrist shot by Martin Hanzal.
0:43 of 1st period - Shot Blocked by Dustin Jeffrey.
0:47 of 1st period - Snap shot by Martin Hanzal.
0:47 of 1st period - Stopped by Robin Lehner without a rebound.
0:48 of 1st period - Kyle Brodziak wins face-off versus Alex Killorn in Harfangs zone.
0:49 of 1st period - Slapshot by David Moss.
0:49 of 1st period - Deflect By Kyle Brodziak.
0:49 of 1st period - Shot Blocked by Sasha Pokulok.
0:49 of 1st period - Puck is out of play.
0:50 of 1st period - Alex Killorn wins face-off versus Kyle Brodziak in Harfangs zone.
0:50 of 1st period - Alex Killorn is hit by Kyle Brodziak.
0:58 of 1st period - Snap shot by Chris Kreider.
0:58 of 1st period - Shot Blocked by David Moss.
1:00 of 1st period - Slapshot by Roman Wick.
1:00 of 1st period - Shot Misses the Net.
1:40 of 1st period - Philip Larsen is hit by Nick Holden.
2:19 of 1st period - Icing by Dustin Jeffrey.
2:20 of 1st period - Kyle Brodziak wins face-off versus Craig Smith in Harfangs zone.
2:35 of 1st period - Snap shot by David Moss.
2:35 of 1st period - Shot Blocked by Dustin Jeffrey.
2:57 of 1st period - Snap shot by Stefan Ruzicka.
2:57 of 1st period - Deflect By Peter Olvecky.
2:57 of 1st period - Shot Misses the Net.
2:57 of 1st period - Puck is out of play.
2:58 of 1st period - David Moss wins face-off versus Alex Killorn in Saguenéens zone.
2:58 of 1st period - David Moss is hit by Chris Kreider.
3:50 of 1st period - Snap shot by David Laliberté.
3:50 of 1st period - Shot Misses the Net.
4:16 of 1st period - Slapshot by Eric Tangradi.
4:16 of 1st period - Shot Blocked by Craig Smith.
4:22 of 1st period - Minor Penalty to Brett Carson for Tripping.
4:23 of 1st period - Stefan Ruzicka wins face-off versus Wayne Simmonds in Harfangs zone.
6:22 of 1st period - Penalty to Brett Carson is over, Brett Carson is back on ice.
6:37 of 1st period - Slapshot by Tomas Tatar.
6:37 of 1st period - Shot Blocked by Philip Larsen.
6:43 of 1st period - Drew Shore is hit by Eric Tangradi and loses puck.
6:54 of 1st period - David Laliberté is hit by Chris Kreider and loses puck.
7:03 of 1st period - Snap shot by Roman Wick.
7:03 of 1st period - Goal by Roman Wick - Harfangs : 1 - Saguenéens : 0.
7:04 of 1st period - Martin Hanzal wins face-off versus Petri Kontiola in neutral zone.
7:38 of 1st period - Snap shot by David Moss.
7:38 of 1st period - Shot Misses the Net.
7:56 of 1st period - Wrist shot by Eric Tangradi.
7:56 of 1st period - Deflect By Evgeny Grachev.
7:56 of 1st period - Shot Blocked by Craig Smith.
7:56 of 1st period - Puck is out of play.
7:57 of 1st period - Petri Kontiola wins face-off versus Martin Hanzal in Harfangs zone.
8:02 of 1st period - Snap shot by Martin Hanzal.
8:02 of 1st period - Stopped by Robin Lehner with a rebound.
8:29 of 1st period - Wrist shot by Alex Killorn.
8:29 of 1st period - Stopped by Al Montoya with a rebound.
8:31 of 1st period - Slapshot by Alexandre Picard.
8:31 of 1st period - Shot Blocked by Kyle Brodziak.
9:16 of 1st period - Slapshot by David Laliberté.
9:16 of 1st period - Shot Misses the Net.
9:18 of 1st period - Slapshot by Tim Kennedy.
9:18 of 1st period - Stopped by Robin Lehner without a rebound.
9:19 of 1st period - Alex Killorn wins face-off versus Martin Hanzal in Harfangs zone.
9:24 of 1st period - Snap shot by Evgeny Dadonov.
9:24 of 1st period - Stopped by Robin Lehner without a rebound.
9:25 of 1st period - Martin Hanzal wins face-off versus Alex Killorn in Harfangs zone.
9:26 of 1st period - Snap shot by Evgeny Dadonov.
9:26 of 1st period - Stopped by Robin Lehner without a rebound.
9:27 of 1st period - Alex Killorn wins face-off versus Martin Hanzal in Harfangs zone.
9:34 of 1st period - Wrist shot by Wayne Simmonds.
9:34 of 1st period - Shot Misses the Net.
9:36 of 1st period - Snap shot by Evgeny Dadonov.
9:36 of 1st period - Stopped by Robin Lehner with a rebound.
9:38 of 1st period - Snap shot by Wayne Simmonds.
9:38 of 1st period - Shot Blocked by Brett Carson.
9:40 of 1st period - Slapshot by Kris Russell.
9:40 of 1st period - Deflect By Martin Hanzal.
9:40 of 1st period - Stopped by Robin Lehner with a rebound.
10:00 of 1st period - Wrist shot by Martin Hanzal.
10:00 of 1st period - Stopped by Robin Lehner with a rebound.
10:02 of 1st period - Slapshot by Kris Russell.
10:02 of 1st period - Stopped by Robin Lehner without a rebound.
10:03 of 1st period - Kyle Brodziak wins face-off versus Petri Kontiola in Harfangs zone.
10:12 of 1st period - Backhand shot by Petri Kontiola.
10:12 of 1st period - Shot Misses the Net.
10:30 of 1st period - David Rundblad is hit by Craig Smith and loses puck.
11:38 of 1st period - Wrist shot by Peter Olvecky.
11:38 of 1st period - Shot Misses the Net.
11:52 of 1st period - Snap shot by Petri Kontiola.
11:52 of 1st period - Stopped by Al Montoya with a rebound.
12:00 of 1st period - Michal Repik is hit by Philip Larsen and loses puck.
12:13 of 1st period - Snap shot by Michal Repik.
12:13 of 1st period - Stopped by Al Montoya with a rebound.
12:19 of 1st period - Snap shot by Eric Tangradi.
12:19 of 1st period - Shot Misses the Net.
12:31 of 1st period - Snap shot by Alex Killorn.
12:31 of 1st period - Shot Misses the Net.
12:35 of 1st period - Wrist shot by Alex Killorn.
12:35 of 1st period - Shot Misses the Net.
12:51 of 1st period - Alexandre Picard is hit by Marcus Johansson.
12:57 of 1st period - Wrist shot by Kyle Brodziak.
12:57 of 1st period - Deflect By Petri Kontiola.
12:57 of 1st period - Shot Misses the Net.
12:57 of 1st period - Puck is out of play.
12:58 of 1st period - Petri Kontiola wins face-off versus Kyle Brodziak in Harfangs zone.
13:23 of 1st period - Off-side.
13:24 of 1st period - Martin Hanzal wins face-off versus Alex Killorn in neutral zone.
13:48 of 1st period - Alex Killorn is hit by Evgeny Dadonov and loses puck.
14:09 of 1st period - Snap shot by Martin Hanzal.
14:09 of 1st period - Stopped by Robin Lehner without a rebound.
14:10 of 1st period - Stefan Ruzicka wins face-off versus Kyle Brodziak in Harfangs zone.
14:18 of 1st period - Off-side.
14:19 of 1st period - Kyle Brodziak wins face-off versus Petri Kontiola in neutral zone.
14:49 of 1st period - Wrist shot by Stefan Ruzicka.
14:49 of 1st period - Stopped by Al Montoya with a rebound.
14:51 of 1st period - Snap shot by Sasha Pokulok.
14:51 of 1st period - Stopped by Al Montoya without a rebound.
14:52 of 1st period - Alex Killorn wins face-off versus Martin Hanzal in Saguenéens zone.
14:55 of 1st period - Snap shot by Roman Wick.
14:55 of 1st period - Shot Misses the Net.
15:04 of 1st period - Minor Penalty to Wayne Simmonds for Cross-checking.
15:05 of 1st period - Martin Hanzal wins face-off versus Petri Kontiola in Saguenéens zone.
15:05 of 1st period - Martin Hanzal is hit by Stefan Ruzicka.
15:49 of 1st period - Icing by Stefan Ruzicka.
15:50 of 1st period - Kyle Brodziak wins face-off versus Petri Kontiola in Harfangs zone.
15:53 of 1st period - Snap shot by Kyle Brodziak.
15:53 of 1st period - Stopped by Robin Lehner with a rebound.
16:28 of 1st period - Mike Sauer is hit by Sasha Pokulok.
16:32 of 1st period - Kyle Brodziak is hit by Stefan Ruzicka.
17:04 of 1st period - Penalty to Wayne Simmonds is over, Wayne Simmonds is back on ice.
17:16 of 1st period - Wrist shot by Evgeny Grachev.
17:16 of 1st period - Stopped by Robin Lehner without a rebound.
17:17 of 1st period - Michal Repik wins face-off versus Evgeny Grachev in Harfangs zone.
17:19 of 1st period - Icing by Dustin Jeffrey.
17:20 of 1st period - Martin Hanzal wins face-off versus Craig Smith in Harfangs zone.
17:25 of 1st period - Snap shot by Wayne Simmonds.
17:25 of 1st period - Deflect By Martin Hanzal.
17:25 of 1st period - Stopped by Robin Lehner with a rebound.
17:27 of 1st period - Snap shot by Wayne Simmonds.
17:27 of 1st period - Stopped by Robin Lehner without a rebound.
17:28 of 1st period - Martin Hanzal wins face-off versus Petri Kontiola in Harfangs zone.
17:29 of 1st period - Slapshot by Evgeny Dadonov.
17:29 of 1st period - Stopped by Robin Lehner with a rebound.
17:36 of 1st period - Snap shot by Evgeny Dadonov.
17:36 of 1st period - Shot Misses the Net.
17:38 of 1st period - Slapshot by Kevin Marshall.
17:38 of 1st period - Shot Misses the Net.
17:42 of 1st period - Wrist shot by Evgeny Dadonov.
17:42 of 1st period - Shot Misses the Net.
17:44 of 1st period - Slapshot by Martin Hanzal.
17:44 of 1st period - Shot Blocked by Peter Olvecky.
17:56 of 1st period - Snap shot by Evgeny Dadonov.
17:56 of 1st period - Goal by Evgeny Dadonov - Harfangs : 1 - Saguenéens : 1.
17:57 of 1st period - Petri Kontiola wins face-off versus Martin Hanzal in neutral zone.
18:22 of 1st period - Brett Carson is hit by Kevin Marshall and loses puck.
18:33 of 1st period - Snap shot by Marcus Johansson.
18:33 of 1st period - Deflect By Kyle Brodziak.
18:33 of 1st period - Stopped by Robin Lehner without a rebound.
18:34 of 1st period - Evgeny Dadonov wins face-off versus Petri Kontiola in Harfangs zone.
18:37 of 1st period - Slapshot by Martin Hanzal.
18:37 of 1st period - Stopped by Robin Lehner without a rebound.
18:38 of 1st period - Martin Hanzal wins face-off versus Petri Kontiola in Harfangs zone.
18:39 of 1st period - Snap shot by Evgeny Dadonov.
18:39 of 1st period - Deflect By Peter Olvecky.
18:39 of 1st period - Stopped by Robin Lehner with a rebound.
18:41 of 1st period - Slapshot by Mike Sauer.
18:41 of 1st period - Stopped by Robin Lehner with a rebound.
18:43 of 1st period - Snap shot by Martin Hanzal.
18:43 of 1st period - Shot Misses the Net.
18:49 of 1st period - Wrist shot by Evgeny Dadonov.
18:49 of 1st period - Shot Misses the Net.
18:51 of 1st period - Slapshot by Mike Sauer.
18:51 of 1st period - Stopped by Robin Lehner without a rebound.
18:52 of 1st period - Kyle Brodziak wins face-off versus Petri Kontiola in Harfangs zone.
19:19 of 1st period - Wayne Simmonds is hit by Chris Kreider and loses puck.
Goals for this period are 1 for Harfangs vs 1 for Saguenéens.
Shots for this period are 6 for Harfangs vs 21 for Saguenéens.

2nd period


0:01 of 2nd period - Evgeny Dadonov wins face-off versus Petri Kontiola in neutral zone.
0:12 of 2nd period - Slapshot by Alexandre Picard.
0:12 of 2nd period - Shot Misses the Net.
0:28 of 2nd period - David Moss is hit by Alexandre Picard and loses puck.
0:37 of 2nd period - Snap shot by David Moss.
0:37 of 2nd period - Stopped by Robin Lehner with a rebound.
1:44 of 2nd period - Snap shot by Dustin Jeffrey.
1:44 of 2nd period - Stopped by Al Montoya without a rebound.
1:45 of 2nd period - Petri Kontiola wins face-off versus Brian Flynn in Saguenéens zone.
1:50 of 2nd period - Wrist shot by Stefan Ruzicka.
1:50 of 2nd period - Stopped by Al Montoya with a rebound.
2:24 of 2nd period - Wrist shot by Stefan Ruzicka.
2:24 of 2nd period - Shot Misses the Net.
2:45 of 2nd period - Wrist shot by Andrew Orpik.
2:45 of 2nd period - Shot Blocked by Martin Hanzal.
2:47 of 2nd period - Snap shot by Alex Killorn.
2:47 of 2nd period - Stopped by Al Montoya with a rebound.
2:49 of 2nd period - Slapshot by Andrew Orpik.
2:49 of 2nd period - Shot Misses the Net.
3:09 of 2nd period - Slapshot by Tim Kennedy.
3:09 of 2nd period - Deflect By David Laliberté.
3:09 of 2nd period - Shot Blocked by Tomas Tatar.
3:09 of 2nd period - Puck is out of play.
3:10 of 2nd period - Kyle Brodziak wins face-off versus Alex Killorn in Harfangs zone.
3:11 of 2nd period - Snap shot by Marcus Johansson.
3:11 of 2nd period - Shot Blocked by Alexandre Picard.
3:22 of 2nd period - Slapshot by Alexandre Picard.
3:22 of 2nd period - Stopped by Al Montoya with a rebound.
3:24 of 2nd period - Wrist shot by Roman Wick.
3:24 of 2nd period - Shot Misses the Net.
3:44 of 2nd period - Alexandre Picard is hit by Evgeny Dadonov.
4:35 of 2nd period - Minor Penalty to Kyle Brodziak for High sticking.
4:36 of 2nd period - David Moss wins face-off versus Petri Kontiola in Saguenéens zone.
5:18 of 2nd period - Philip Larsen is hit by Roman Wick.
5:28 of 2nd period - Wrist shot by Peter Olvecky.
5:28 of 2nd period - Shot Misses the Net.
5:30 of 2nd period - Snap shot by Petri Kontiola.
5:30 of 2nd period - Shot Misses the Net.
6:35 of 2nd period - Penalty to Kyle Brodziak is over, Kyle Brodziak is back on ice.
6:36 of 2nd period - Icing by Andrew Orpik.
6:37 of 2nd period - Craig Smith wins face-off versus Evgeny Grachev in Harfangs zone.
6:37 of 2nd period - Craig Smith is hit by Evgeny Grachev.
6:54 of 2nd period - Wrist shot by Andrew Orpik.
6:54 of 2nd period - Shot Misses the Net.
6:56 of 2nd period - Slapshot by Sasha Pokulok.
6:56 of 2nd period - Deflect By Evgeny Grachev.
6:56 of 2nd period - Stopped by Al Montoya with a rebound.
6:58 of 2nd period - Snap shot by Peter Olvecky.
6:58 of 2nd period - Shot Blocked by David Rundblad.
7:00 of 2nd period - Slapshot by Andrew Orpik.
7:00 of 2nd period - Deflect By David Rundblad.
7:00 of 2nd period - Stopped by Al Montoya without a rebound.
7:01 of 2nd period - Martin Hanzal wins face-off versus Alex Killorn in Saguenéens zone.
7:10 of 2nd period - Wrist shot by Roman Wick.
7:10 of 2nd period - Shot Misses the Net.
7:12 of 2nd period - Snap shot by Alex Killorn.
7:12 of 2nd period - Goal by Alex Killorn - Harfangs : 2 - Saguenéens : 1.
7:13 of 2nd period - Alex Killorn wins face-off versus Martin Hanzal in neutral zone.
7:23 of 2nd period - Wrist shot by Brett Carson.
7:23 of 2nd period - Stopped by Al Montoya without a rebound.
7:24 of 2nd period - Petri Kontiola wins face-off versus Martin Hanzal in Saguenéens zone.
7:32 of 2nd period - Off-side.
7:33 of 2nd period - Martin Hanzal wins face-off versus Petri Kontiola in neutral zone.
7:56 of 2nd period - Slapshot by Evgeny Dadonov.
7:56 of 2nd period - Shot Blocked by Stefan Ruzicka.
7:58 of 2nd period - Wrist shot by Evgeny Dadonov.
7:58 of 2nd period - Deflect By Martin Hanzal.
7:58 of 2nd period - Shot Blocked by Brett Carson.
7:58 of 2nd period - Puck is out of play.
7:59 of 2nd period - Kyle Brodziak wins face-off versus Alex Killorn in Harfangs zone.
8:10 of 2nd period - Wrist shot by Marcus Johansson.
8:10 of 2nd period - Deflect By David Moss.
8:10 of 2nd period - Shot Blocked by Chris Kreider.
8:10 of 2nd period - Puck is out of play.
8:11 of 2nd period - Wayne Simmonds wins face-off versus Petri Kontiola in Harfangs zone.
8:12 of 2nd period - Wrist shot by Martin Hanzal.
8:12 of 2nd period - Stopped by Robin Lehner with a rebound.
8:14 of 2nd period - Slapshot by Kevin Marshall.
8:14 of 2nd period - Deflect By Martin Hanzal.
8:14 of 2nd period - Shot Misses the Net.
8:14 of 2nd period - Puck is out of play.
8:15 of 2nd period - Martin Hanzal wins face-off versus Petri Kontiola in Harfangs zone.
8:49 of 2nd period - Slapshot by Brett Carson.
8:49 of 2nd period - Shot Blocked by David Moss.
10:41 of 2nd period - Icing by Dustin Jeffrey.
10:42 of 2nd period - Brian Flynn wins face-off versus Petri Kontiola in Harfangs zone.
11:07 of 2nd period - Alex Killorn is hit by David Moss and loses puck.
11:26 of 2nd period - Slapshot by Drew Shore.
11:26 of 2nd period - Shot Blocked by Kevin Marshall.
11:56 of 2nd period - Wrist shot by Eric Tangradi.
11:56 of 2nd period - Stopped by Robin Lehner with a rebound.
11:58 of 2nd period - Wrist shot by Eric Tangradi.
11:58 of 2nd period - Shot Blocked by Craig Smith.
12:07 of 2nd period - Off-side.
12:08 of 2nd period - Petri Kontiola wins face-off versus Brian Flynn in neutral zone.
12:34 of 2nd period - Peter Olvecky is hit by Brian Flynn and loses puck.
12:49 of 2nd period - Wrist shot by Stefan Ruzicka.
12:49 of 2nd period - Stopped by Al Montoya without a rebound.
12:50 of 2nd period - Alex Killorn wins face-off versus Martin Hanzal in Saguenéens zone.
12:51 of 2nd period - Slapshot by Chris Kreider.
12:51 of 2nd period - Stopped by Al Montoya without a rebound.
12:52 of 2nd period - Martin Hanzal wins face-off versus Alex Killorn in Saguenéens zone.
13:01 of 2nd period - Snap shot by Alex Killorn.
13:01 of 2nd period - Shot Hit the Post.
13:03 of 2nd period - Slapshot by Alexandre Picard.
13:03 of 2nd period - Stopped by Al Montoya without a rebound.
13:04 of 2nd period - Petri Kontiola wins face-off versus Martin Hanzal in Saguenéens zone.
13:11 of 2nd period - Snap shot by Peter Olvecky.
13:11 of 2nd period - Stopped by Al Montoya with a rebound.
13:13 of 2nd period - Snap shot by Peter Olvecky.
13:13 of 2nd period - Stopped by Al Montoya without a rebound.
13:14 of 2nd period - Petri Kontiola wins face-off versus Martin Hanzal in Saguenéens zone.
13:43 of 2nd period - Peter Olvecky is hit by Wayne Simmonds and loses puck.
13:54 of 2nd period - Snap shot by Stefan Ruzicka.
13:54 of 2nd period - Shot Blocked by Philip Larsen.
13:56 of 2nd period - Snap shot by Peter Olvecky.
13:56 of 2nd period - Goal by Peter Olvecky - Harfangs : 3 - Saguenéens : 1.
13:57 of 2nd period - Kyle Brodziak wins face-off versus Alex Killorn in neutral zone.
13:59 of 2nd period - Minor Penalty to Kevin Marshall for High sticking.
14:00 of 2nd period - David Moss wins face-off versus Petri Kontiola in Saguenéens zone.
14:00 of 2nd period - David Moss is hit by Alexandre Picard.
14:32 of 2nd period - Slapshot by Sasha Pokulok.
14:32 of 2nd period - Stopped by Al Montoya with a rebound.
15:28 of 2nd period - Wrist shot by Chris Kreider.
15:28 of 2nd period - Shot Misses the Net.
15:59 of 2nd period - Penalty to Kevin Marshall is over, Kevin Marshall is back on ice.
15:59 of 2nd period - Snap shot by Roman Wick.
15:59 of 2nd period - Stopped by Al Montoya without a rebound.
16:00 of 2nd period - Evgeny Grachev wins face-off versus Petri Kontiola in Saguenéens zone.
16:00 of 2nd period - Evgeny Grachev is hit by Stefan Ruzicka.
17:23 of 2nd period - Wrist shot by Michal Repik.
17:23 of 2nd period - Shot Misses the Net.
17:25 of 2nd period - Snap shot by Brian Lashoff.
17:25 of 2nd period - Shot Misses the Net.
17:27 of 2nd period - Snap shot by Craig Smith.
17:27 of 2nd period - Stopped by Al Montoya with a rebound.
18:11 of 2nd period - Nick Holden is hit by Martin Hanzal and loses puck.
18:30 of 2nd period - Wrist shot by Marcus Johansson.
18:30 of 2nd period - Shot Misses the Net.
19:17 of 2nd period - Icing by Evgeny Dadonov.
19:18 of 2nd period - Evgeny Grachev wins face-off versus Alex Killorn in Saguenéens zone.
Goals for this period are 2 for Harfangs vs 0 for Saguenéens.
Shots for this period are 17 for Harfangs vs 3 for Saguenéens.

3rd period


0:01 of 3rd period - Martin Hanzal wins face-off versus Alex Killorn in neutral zone.
0:18 of 3rd period - Sasha Pokulok is hit by Kevin Marshall.
0:57 of 3rd period - Slapshot by Craig Smith.
0:57 of 3rd period - Stopped by Al Montoya without a rebound.
0:58 of 3rd period - Alex Killorn wins face-off versus Martin Hanzal in Saguenéens zone.
0:59 of 3rd period - Slapshot by Alexandre Picard.
0:59 of 3rd period - Shot Blocked by Philip Larsen.
1:14 of 3rd period - Wrist shot by Martin Hanzal.
1:14 of 3rd period - Stopped by Robin Lehner with a rebound.
1:24 of 3rd period - David Moss is hit by Petri Kontiola and loses puck.
1:32 of 3rd period - Minor Penalty to Alexandre Picard for Slashing.
1:33 of 3rd period - Martin Hanzal wins face-off versus Stefan Ruzicka in Harfangs zone.
1:35 of 3rd period - Slapshot by Wayne Simmonds.
1:35 of 3rd period - Goal by Wayne Simmonds - Harfangs : 3 - Saguenéens : 2.
1:36 of 3rd period - Martin Hanzal wins face-off versus Petri Kontiola in neutral zone.
1:39 of 3rd period - Wrist shot by Evgeny Dadonov.
1:39 of 3rd period - Stopped by Robin Lehner without a rebound.
1:40 of 3rd period - Martin Hanzal wins face-off versus Petri Kontiola in Harfangs zone.
2:26 of 3rd period - Slapshot by Brett Carson.
2:26 of 3rd period - Shot Misses the Net.
2:49 of 3rd period - Brett Carson is hit by Philip Larsen and loses puck.
3:03 of 3rd period - Snap shot by Martin Hanzal.
3:03 of 3rd period - Shot Misses the Net.
3:05 of 3rd period - Slapshot by Evgeny Dadonov.
3:05 of 3rd period - Shot Misses the Net.
3:07 of 3rd period - Slapshot by Mike Sauer.
3:07 of 3rd period - Deflect By Brett Carson.
3:07 of 3rd period - Stopped by Robin Lehner with a rebound.
3:09 of 3rd period - Slapshot by Mike Sauer.
3:09 of 3rd period - Shot Misses the Net.
3:11 of 3rd period - Slapshot by Wayne Simmonds.
3:11 of 3rd period - Shot Misses the Net.
3:13 of 3rd period - Snap shot by Martin Hanzal.
3:13 of 3rd period - Deflect By Evgeny Dadonov.
3:13 of 3rd period - Shot Misses the Net.
3:13 of 3rd period - Puck is out of play.
3:14 of 3rd period - Kyle Brodziak wins face-off versus Alex Killorn in Harfangs zone.
3:41 of 3rd period - Andrew Orpik is hit by Kevin Marshall and loses puck.
4:04 of 3rd period - Backhand shot by Craig Smith.
4:04 of 3rd period - Shot Blocked by David Rundblad.
4:40 of 3rd period - David Moss is hit by Chris Kreider and loses puck.
5:01 of 3rd period - Snap shot by Stefan Ruzicka.
5:01 of 3rd period - Stopped by Al Montoya without a rebound.
5:02 of 3rd period - Peter Olvecky wins face-off versus Martin Hanzal in Saguenéens zone.
5:27 of 3rd period - Petri Kontiola is hit by David Laliberté and loses puck.
5:45 of 3rd period - Minor Penalty to Petri Kontiola for Elbowing.
5:46 of 3rd period - Stefan Ruzicka wins face-off versus Martin Hanzal in Harfangs zone.
6:13 of 3rd period - Chris Kreider is hit by Kris Russell and loses puck.
7:41 of 3rd period - Evgeny Dadonov is hit by Craig Smith.
7:45 of 3rd period - Penalty to Petri Kontiola is over, Petri Kontiola is back on ice.
7:54 of 3rd period - Snap shot by Craig Smith.
7:54 of 3rd period - Deflect By Petri Kontiola.
7:54 of 3rd period - Stopped by Al Montoya with a rebound.
7:56 of 3rd period - Wrist shot by Petri Kontiola.
7:56 of 3rd period - Stopped by Al Montoya without a rebound.
7:57 of 3rd period - Drew Shore wins face-off versus Brian Flynn in Saguenéens zone.
7:58 of 3rd period - Snap shot by Tomas Tatar.
7:58 of 3rd period - Deflect By Mike Hoffman.
7:58 of 3rd period - Shot Blocked by Brandon Burlon.
7:58 of 3rd period - Puck is out of play.
7:59 of 3rd period - Brian Flynn wins face-off versus Tomas Tatar in Saguenéens zone.
7:59 of 3rd period - Brian Flynn is hit by Andrew Orpik.
8:05 of 3rd period - Andrew Orpik is hit by David Rundblad and loses puck.
8:24 of 3rd period - David Moss is hit by Chris Kreider and loses puck.
9:10 of 3rd period - Snap shot by Craig Smith.
9:10 of 3rd period - Deflect By Michal Repik.
9:10 of 3rd period - Shot Blocked by Kris Russell.
9:10 of 3rd period - Puck is out of play.
9:11 of 3rd period - Craig Smith wins face-off versus Kyle Brodziak in Saguenéens zone.
9:14 of 3rd period - Snap shot by Craig Smith.
9:14 of 3rd period - Stopped by Al Montoya without a rebound.
9:15 of 3rd period - Marcus Johansson wins face-off versus Alex Killorn in Saguenéens zone.
9:30 of 3rd period - Wrist shot by Chris Kreider.
9:30 of 3rd period - Shot Blocked by Kris Russell.
9:59 of 3rd period - Off-side.
10:00 of 3rd period - Craig Smith wins face-off versus Brian Flynn in neutral zone.
10:14 of 3rd period - Snap shot by Tim Kennedy.
10:14 of 3rd period - Shot Misses the Net.
10:16 of 3rd period - Wrist shot by David Laliberté.
10:16 of 3rd period - Stopped by Robin Lehner with a rebound.
11:22 of 3rd period - Minor Penalty to Rhett Rakhshani for Slashing.
11:23 of 3rd period - Petri Kontiola wins face-off versus Martin Hanzal in Saguenéens zone.
11:24 of 3rd period - Wrist shot by Stefan Ruzicka.
11:24 of 3rd period - Shot Misses the Net.
13:22 of 3rd period - Penalty to Rhett Rakhshani is over, Rhett Rakhshani is back on ice.
13:25 of 3rd period - Brian Flynn is hit by Brett Carson and loses puck.
13:34 of 3rd period - Slapshot by Kris Russell.
13:34 of 3rd period - Stopped by Robin Lehner without a rebound.
13:35 of 3rd period - Mike Hoffman wins face-off versus Evgeny Grachev in Harfangs zone.
13:42 of 3rd period - Slapshot by Drew Shore.
13:42 of 3rd period - Stopped by Al Montoya without a rebound.
13:43 of 3rd period - Evgeny Grachev wins face-off versus Alex Killorn in Saguenéens zone.
13:43 of 3rd period - Evgeny Grachev is hit by Roman Wick.
13:57 of 3rd period - Slapshot by Roman Wick.
13:57 of 3rd period - Shot Hit the Post.
13:59 of 3rd period - Snap shot by Alex Killorn.
13:59 of 3rd period - Stopped by Al Montoya with a rebound.
14:09 of 3rd period - Rhett Rakhshani is hit by Craig Smith and loses puck.
14:20 of 3rd period - Snap shot by Eric Tangradi.
14:20 of 3rd period - Deflect By Sasha Pokulok.
14:20 of 3rd period - Stopped by Robin Lehner with a rebound.
15:51 of 3rd period - Minor Penalty to David Rundblad for Hooking.
15:52 of 3rd period - Petri Kontiola wins face-off versus Kyle Brodziak in Saguenéens zone.
15:55 of 3rd period - Wrist shot by Stefan Ruzicka.
15:55 of 3rd period - Stopped by Al Montoya without a rebound.
15:56 of 3rd period - Stefan Ruzicka wins face-off versus Kyle Brodziak in Saguenéens zone.
17:24 of 3rd period - Minor Penalty to Petri Kontiola for Hooking.
17:25 of 3rd period - Stefan Ruzicka wins face-off versus Martin Hanzal in Harfangs zone.
17:25 of 3rd period - Stefan Ruzicka is hit by Kris Russell.
17:33 of 3rd period - Snap shot by Martin Hanzal.
17:33 of 3rd period - Goal by Martin Hanzal - Harfangs : 3 - Saguenéens : 3.
17:34 of 3rd period - Stefan Ruzicka wins face-off versus Martin Hanzal in neutral zone.
17:39 of 3rd period - Wrist shot by Craig Smith.
17:39 of 3rd period - Stopped by Al Montoya with a rebound.
17:51 of 3rd period - Penalty to David Rundblad is over, David Rundblad is back on ice.
19:00 of 3rd period - Alexandre Picard is hit by Kevin Marshall and loses puck.
19:24 of 3rd period - Penalty to Petri Kontiola is over, Petri Kontiola is back on ice.
19:44 of 3rd period - Snap shot by Petri Kontiola.
19:44 of 3rd period - Stopped by Al Montoya with a rebound.
Goals for this period are 0 for Harfangs vs 2 for Saguenéens.
Shots for this period are 10 for Harfangs vs 8 for Saguenéens.

Overtime #1


0:01 of 1st overtime period - Stefan Ruzicka wins face-off versus Martin Hanzal in neutral zone.
0:04 of 1st overtime period - Snap shot by Alexandre Picard.
0:04 of 1st overtime period - Shot Misses the Net.
0:06 of 1st overtime period - Slapshot by Brett Carson.
0:06 of 1st overtime period - Shot Misses the Net.
0:08 of 1st overtime period - Slapshot by Brett Carson.
0:08 of 1st overtime period - Deflect By Stefan Ruzicka.
0:08 of 1st overtime period - Stopped by Al Montoya with a rebound.
0:10 of 1st overtime period - Snap shot by Alexandre Picard.
0:10 of 1st overtime period - Shot Blocked by Martin Hanzal.
0:46 of 1st overtime period - Slapshot by Brett Carson.
0:46 of 1st overtime period - Stopped by Al Montoya with a rebound.
0:48 of 1st overtime period - Snap shot by Peter Olvecky.
0:48 of 1st overtime period - Shot Misses the Net.
0:50 of 1st overtime period - Slapshot by Alexandre Picard.
0:50 of 1st overtime period - Shot Misses the Net.
1:36 of 1st overtime period - Andrew Orpik is hit by Wayne Simmonds and loses puck.
2:54 of 1st overtime period - Peter Olvecky is hit by Mike Sauer and loses puck.
3:05 of 1st overtime period - Mike Sauer is hit by Petri Kontiola.
Goals for this period are 0 for Harfangs vs 0 for Saguenéens.
Shots for this period are 2 for Harfangs vs 0 for Saguenéens.

ShootOut


5:00 of 1st overtime period - Penalty Shot by Stefan Ruzicka for Harfangs.
5:00 of 1st overtime period - Wrist shot by Stefan Ruzicka.
5:00 of 1st overtime period - Goal by Stefan Ruzicka.
5:00 of 1st overtime period - Penalty Shot by Wayne Simmonds for Saguenéens.
5:00 of 1st overtime period - Snap shot by Wayne Simmonds.
5:00 of 1st overtime period - Stopped by Robin Lehner.
5:00 of 1st overtime period - Penalty Shot by Petri Kontiola for Harfangs.
5:00 of 1st overtime period - Snap shot by Petri Kontiola.
5:00 of 1st overtime period - Shot Misses the Net.
5:00 of 1st overtime period - Penalty Shot by Evgeny Dadonov for Saguenéens.
5:00 of 1st overtime period - Deke by Evgeny Dadonov.
5:00 of 1st overtime period - Goal by Evgeny Dadonov.
5:00 of 1st overtime period - Penalty Shot by Peter Olvecky for Harfangs.
5:00 of 1st overtime period - Backhand shot by Peter Olvecky.
5:00 of 1st overtime period - Stopped by Al Montoya.
5:00 of 1st overtime period - Penalty Shot by Martin Hanzal for Saguenéens.
5:00 of 1st overtime period - Snap shot by Martin Hanzal.
5:00 of 1st overtime period - Goal by Martin Hanzal.


Output by the SimonT Hockey Simulator (STHS) for François Prévost -- Original Page W3C XHTML 1.0 Valid
Hockey Simulator - Hockey Simulation - Hockey Manager